AoeStats
← SIN_Crowo

Oasis

507321811Analyzed
4v4 RM · 14d ago on Sep 17, 2026· 28m 25s· 8 players
Game mode
Random Map
Map size
Large (8 player)
Population
200
Speed
Normal
Resources
Standard
Victory
Conquest
Starting age
Dark Age
Ending age
Imperial Age
RankedLock teamsTeams togetherTeam positionsShared explorationLock speedFull tech treeHidden civsTurbo modeCheats
Victory
Defeat
🇩🇪 Franks · Germany
836
+19
🇩🇪 Malians · Germany
817
+19
🇩🇪 Persians · Germany
789
+20
🇩🇪 Franks · Germany
750
+22
🇮🇳 Franks · India
921
-21
🇦🇷 Armenians · Argentina
916
-21
🇺🇸 Malians · United States
858
-19
🇦🇷 Italians · Argentina
856
-19
PAPA VIPER
2:01 Loom
11:28 Feudal Age
14:08 Double-Bit Axe
17:27 Castle Age
19:06 Wheelbarrow
25:10 Bow Saw
27:04 Hand Cart
26:35 Town Watch
26:42 Gold Mining
The HypnoToad
12:04 Feudal Age
10:20 Loom
12:42 Horse Collar
12:56 Double-Bit Axe
15:58 Wheelbarrow
18:57 Gold Mining
18:58 Stone Mining
19:47 Town Watch
22:29 Castle Age
21:45 Scale Barding Armor
21:50 Forging
23:49 Husbandry
24:33 Bloodlines
25:29 Gold Shaft Mining
25:05 Bow Saw
25:06 Heavy Plow
SHEGO
0:29 Loom
11:09 Feudal Age
12:40 Double-Bit Axe
12:37 Horse Collar
12:49 Gold Mining
13:19 Loom
14:11 Wheelbarrow
15:41 Town Watch
20:00 Castle Age
18:45 Stone Mining
21:16 Town Patrol
21:49 Arson
22:04 Squires
21:28 Pikeman
25:24 Bow Saw
QueMatracaAriel
7:22 Loom
12:32 Feudal Age
13:13 Gold Mining
13:08 Double-Bit Axe
13:41 Man-at-Arms
21:11 Scale Mail Armor
24:20 Horse Collar
27:05 Castle Age
BLAZE OF GLORY
9:47 Loom
11:51 Feudal Age
12:39 Double-Bit Axe
12:36 Horse Collar
23:16 Castle Age
20:58 Man-at-Arms
21:25 Arson
23:56 Scale Mail Armor
24:07 Forging
23:56 Long Swordsman
26:22 Bow Saw
27:35 Chain Mail Armor
Manolo
3:05 Loom
11:00 Feudal Age
12:37 Double-Bit Axe
15:15 Horse Collar
17:23 Forging
19:23 Wheelbarrow
19:29 Scale Barding Armor
19:48 Gold Mining
24:02 Castle Age
24:48 Hand Cart
25:09 Iron Casting
24:55 Chain Barding Armor
24:36 Husbandry
26:00 Bow Saw
26:04 Pikeman
28:28 Scale Mail Armor
28:37 Squires
Siggos
3:22 Loom
11:50 Feudal Age
16:31 Castle Age
14:39 Double-Bit Axe
18:31 Scale Barding Armor
19:47 Forging
24:02 Iron Casting
24:35 Town Watch
26:47 Wheelbarrow
27:32 Husbandry
28:20 Bow Saw
SIN_Crowo
11:55 Feudal Age
12:22 Double-Bit Axe
15:17 Scale Barding Armor
25:16 Castle Age
23:37 Gold Mining
25:44 Stone Mining
Connection lost

Rejoining the realm…

Still unreachable

The connection could not be restored.

Session expired

The server has moved on; the page needs a fresh start.